 Dungeon Crawl Stone Soup version 0.29.1-12-g30fa7ad0bf (webtiles) character file.

Game seed: 8844632661812379036

10695 FexLirch the Thaumaturge (level 11, -28/80 HPs)
             Began as a Demigod Earth Elementalist on Jan 5, 2023.
             Annihilated by a white ugly thing (31 damage)
             ... on level 12 of the Dungeon.
             The game lasted 00:32:34 (11518 turns).

FexLirch the Thaumaturge (DgEE)                    Turns: 11518, Time: 00:32:35

Health: -28/80     AC: 16    Str:  9    XL:     11   Next: 17%
Magic:  13/32      EV: 15    Int: 29    God:
Gold:   736        SH:  5    Dex: 23    Spells: 5/34 levels left

rFire   . . .      SeeInvis .   u - +3 whip (elec)
rCold   . . .      Faith    .   (no shield)
rNeg    . . .      Spirit   .   y - +4 ring mail
rPois   .          Reflect  +   (no helmet)
rElec   .          Harm     .   (no cloak)
rCorr   .          Rampage  .   j - +2 pair of gloves {Dex+3}
Will    +....                   (no boots)
Stlth   ++........              h - amulet of reflection
HPRegen 0.23/turn               i - +6 ring of dexterity
MPRegen 0.23/turn               q - +4 ring of evasion

@: ice-armoured
A: high MP 1, forlorn, divine attributes
a: no special abilities


You were on level 12 of the Dungeon.
You visited 1 branch of the dungeon, and saw 13 of its levels.
You also visited: Ossuary.

You collected 736 gold pieces.

Inventory:

Hand Weapons
 d - a +0 short sword
 o - the +7 great mace "Firestarter" {inner flame, rF++}
   (You found it on level 6 of the Dungeon)

   It burns those it strikes, dealing additional fire damage.
   It fills those it strikes with an explosive inner flame.
   It grants immunity to clouds of flame.
   rF:        It greatly protects you from fire.
 u - a +3 whip of electrocution (weapon)
Armour
 a - a +0 robe
 j - a +2 pair of gloves of dexterity (worn)
 y - a +4 ring mail (worn)
Jewellery
 h - an amulet of reflection (around neck)
 i - a +6 ring of dexterity (left hand)
 q - a +4 ring of evasion (right hand)
 F - a ring of fire
 J - an amulet of regeneration
Wands
 s - a wand of flame (22)
 t - a wand of quicksilver (5)
Scrolls
 c - 2 scrolls of butterflies
 f - a scroll of noise {unknown}
 k - 3 scrolls of vulnerability
 n - 2 scrolls of fear {unknown}
 v - 2 scrolls of summoning {unknown}
 A - a scroll of identify
 E - a scroll of enchant armour
 G - 2 scrolls of amnesia {unknown}
 H - a scroll of blinking {unknown}
 K - a scroll of magic mapping {unknown}
 L - a scroll of brand weapon {unknown}
Potions
 b - a potion of magic
 e - 3 potions of resistance
 g - a potion of degeneration {unknown}
 l - a potion of brilliance {unknown}
 m - a potion of experience {unknown}
 p - 3 potions of haste {unknown}
 r - 2 potions of curing
 w - a potion of heal wounds {unknown}
 x - 2 potions of might
 z - a potion of attraction
 B - a potion of flight {unknown}
 C - a potion of cancellation {unknown}
 I - a potion of mutation {unknown}
Miscellaneous
 D - a condenser vane


   Skills:
 + Level 2.3 Fighting
 + Level 3.1 Dodging
 - Level 1.7 Stealth
 + Level 12.3 Spellcasting
 * Level 5.5 Conjurations
 + Level 3.2 Summonings
 - Level 0.8 Transmutations
 - Level 3.0 Ice Magic
 - Level 6.0 Earth Magic


You had 5 spell levels left.
You knew the following spells:

 Your Spells              Type           Power      Damage    Failure   Level
a - Sandblast             Erth           100%       2d20      1%          1
b - Passwall              Tmut/Erth      30%        N/A       3%          2
c - Stone Arrow           Conj/Erth      100%       3d13      2%          3
d - Ozocubu's Armour      Ice            35%        N/A       7%          3
e - Iskenderun's Battles  Conj           50%        2d10      24%         5
f - Irradiate             Conj/Tmut      18%        3d17      52%         5
g - Summon Forest         Summ/Tloc      13%        N/A       75%         5
h - Fireball              Conj/Fire      16%        3d8       58%         5

Your spell library contained the following spells:

 Spells                   Type           Power      Damage    Failure   Level
 Scorch                   Fire           34%        2d7       12%         2
 Sublimation of Blood     Necr           17%        N/A       12%         2
 Petrify                  Tmut/Erth      37%        N/A       21%         4
 Flame Wave               Conj/Fire      33%        2d10      26%         4
 Summon Mana Viper        Hex/Summ       27%        N/A       75%         5
 Summon Cactus Giant      Summ           18%        N/A       97%         6
 Conjure Ball Lightning   Conj/Air       16%        3x3d6     99%         6
 Orb of Destruction       Conj           25%        9d9       100%        7
 Ozocubu's Refrigeration  Ice            17%        4d11      100%        7


Dungeon Overview and Level Annotations

Branches:
Dungeon (13/15)            Temple (0/1) D:7            Lair (0/5) D:8
    Orc (0/2) D:10        Ossuary (visited)
 Vaults: D:13-14

Annotations:
D:8 3 runed translucent doors, hannahiscool's ghost, novice HOFi; oooooof's ghost, novice OgBe; wingedge's ghost, novice HOFi
D:9 2 transporters


Innate Abilities, Weirdness & Mutations

You have an increased reservoir of magic. (+10% MP)
You shall have no god before yourself.
Your divine heritage dramatically boosts your attributes as you level up.


Message History

The barrage of energy hits the white ugly thing!
The white ugly thing is heavily wounded.
Casting: Stone Arrow (mildly dangerous; 2% risk of failure)
Confirm with . or Enter, or press ? or * to list all spells.
Aiming: Stone Arrow (mildly dangerous; 2% risk of failure)
Press: ? - help, Shift-Dir - straight line, f/p - white ugly thing
Aim: a white ugly thing (heavily wounded, ally target, 78% to hit)
The stone arrow misses the white ugly thing.
Your battlesphere fires!
The barrage of energy hits the white ugly thing!
The white ugly thing is severely wounded.
Casting: Stone Arrow (mildly dangerous; 2% risk of failure)
Confirm with . or Enter, or press ? or * to list all spells.
A film of ice covers your body! The white ugly thing gores you!
The white ugly thing freezes you!!
A cyan ugly thing comes into view.
Casting: Ozocubu's Armour (dangerous; 7% risk of failure)
Confirm with . or Enter, or press ? or * to list all spells.
Aiming: Stone Arrow (mildly dangerous; 2% risk of failure)
Press: ? - help, Shift-Dir - straight line, f/p - white ugly thing
Aim: a white ugly thing (severely wounded, ally target, 78% to hit)
The stone arrow misses the white ugly thing.
Your battlesphere fires!
The barrage of energy hits the white ugly thing!
The white ugly thing is severely wounded.
The white ugly thing gores you. The white ugly thing freezes you!!
* * * LOW HITPOINT WARNING * * *
Casting: Stone Arrow (mildly dangerous; 2% risk of failure)
Confirm with . or Enter, or press ? or * to list all spells.
Aiming: Stone Arrow (mildly dangerous; 2% risk of failure)
Press: ? - help, Shift-Dir - straight line, f/p - white ugly thing
Aim: a white ugly thing (severely wounded, ally target, 78% to hit)
The stone arrow misses the white ugly thing.
Your battlesphere fires!
The barrage of energy hits the white ugly thing!
The white ugly thing is almost dead.
The white ugly thing gores you.
* * * LOW HITPOINT WARNING * * *
The white ugly thing freezes you!!
You die...

#..........##..# .
##..............# .
....#..#....#......
##. .........#..#
##..#. #..
..##.###....##
#..##$####.# ## #.
##.#.###
#.......†..# #
#..*...#
#.##.#..##..
.##......# #.####.
#.......@.# ... #.
#...#....u.# #..#
## ....#......#
.... ..# #......#
..... ## #.....u#
...^. ........#
###....... #.......


You could see 2 ugly things and a friendly battlesphere.

Vanquished Creatures
  3 two-headed ogres
  An ugly thing (D:10)
  A kobold demonologist (D:12)
  An unseen horror (D:11)
  A tengu conjurer (D:10)
  4 trolls
  A hornet (D:9)
  5 shadows
  10 yaks
  3 wraiths
  An acid dragon (D:11)
  2 water moccasins (D:7)
  An ice beast (D:7)
  3 orc warriors (D:10)
  2 ogres
  A wolf (D:8)
  7 centaurs
  3 kobold brigands
  2 bullfrogs
  2 necrophages
  2 elf skeletons (D:4)
  A gnoll sergeant (D:5)
  3 scorpions
  7 wights
  9 killer bees
  5 howler monkeys
  A jelly (D:8)
  3 orc priests
  2 gnoll boudas
  6 hounds
  2 iguanas
  6 orc wizards
  14 gnolls
  An adder (D:3)
  A shadow imp (D:7)
  2 white imps
  2 ufetubi
  A worm (D:4)
  3 dart slugs
  41 orcs
  2 endoplasms
  3 giant cockroaches
  8 goblins
  6 hobgoblins
  2 quokkas (D:1)
  4 ball pythons
  4 bats
  A frilled lizard (D:2)
  A jackal zombie (Ossuary)
  10 kobolds
  3 orc skeletons (D:4)
  An orc zombie (D:4)
  4 rats
215 creatures vanquished.

Notes
Turn   | Place    | Note
-------+----------+-------------------------------------------
     0 | D:1      | FexLirch the Demigod Earth Elementalist began the quest for
                  | the Orb.
     0 | D:1      | Reached XP level 1. HP: 14/14 MP: 5/5
   157 | D:1      | Reached skill level 2 in Spellcasting
   199 | D:1      | Reached XP level 2. HP: 20/20 MP: 1/7
   317 | D:1      | Reached skill level 1 in Conjurations
  1159 | D:2      | Reached XP level 3. HP: 26/26 MP: 7/9
  1162 | D:2      | Learned a level 2 spell: Passwall
  1166 | D:2      | Learned a level 3 spell: Stone Arrow
  1279 | D:2      | You fall into a shaft and drop 2 floors!
  1532 | D:4      | Reached XP level 4. HP: 17/33 MP: 3/11
  1575 | D:4      | Found a sand-covered staircase.
  1609 | D:4      | Reached skill level 3 in Spellcasting
  1609 | D:4      | Reached XP level 5. HP: 23/38 MP: 6/12
  1612 | Ossuary  | Entered an ossuary
  1764 | D:5      | Entered Level 5 of the Dungeon
  1764 | D:5      | Noticed an ogre
  1877 | D:4      | Noticed a +0 hand axe
  1877 | D:4      | Noticed a +0 dagger
  1912 | D:4      | Noticed an ogre
  1917 | D:4      | Killed an ogre
  2293 | D:4      | Reached XP level 6. HP: 35/45 MP: 12/14
  2316 | D:6      | Found the +7 great mace "Firestarter" {inner flame, rF++}
  2842 | D:6      | Reached skill level 4 in Spellcasting
  2939 | D:5      | Reached skill level 5 in Earth Magic
  2939 | D:5      | Reached XP level 7. HP: 14/50 MP: 11/16
  3476 | D:7      | Reached skill level 5 in Spellcasting
  3725 | D:7      | Found a staircase to the Ecumenical Temple.
  3844 | D:7      | Reached XP level 8. HP: 55/57 MP: 15/20
  4193 | D:8      | Found a runed translucent gate.
  4193 | D:8      | Found a runed translucent gate.
  4193 | D:8      | Found a runed translucent gate.
  4194 | D:8      | Noticed wingedge's ghost (novice HOFi)
  4194 | D:8      | Noticed hannahiscool's ghost (novice HOFi)
  4194 | D:8      | Noticed oooooof's ghost (novice OgBe)
  4198 | D:8      | Reached skill level 6 in Spellcasting
  4250 | D:8      | Noticed a troll
  4254 | D:8      | Killed a troll
  4260 | D:8      | Reached skill level 7 in Spellcasting
  4824 | D:9      | Reached skill level 8 in Spellcasting
  5031 | D:8      | Noticed a two-headed ogre
  5068 | D:8      | Found a staircase to the Lair.
  5100 | D:8      | Reached XP level 9. HP: 62/62 MP: 8/25
  5474 | D:8      | Reached skill level 9 in Spellcasting
  5480 | D:8      | Killed a two-headed ogre
  5855 | D:9      | Reached skill level 10 in Spellcasting
  6050 | D:10     | Entered Level 10 of the Dungeon
  6095 | D:9      | Found a transporter.
  6107 | D:9      | Noticed a boulder beetle
  6122 | D:9      | Noticed a four-headed hydra
  6123 | D:9      | Noticed a cyclops
  6239 | D:9      | Identified the +0 leather armour of the Lute {+Inv}
  6253 | D:9      | Noticed a cyclops
  6254 | D:9      | Found a transporter.
  6481 | D:10     | Found a staircase to the Orcish Mines.
  6944 | D:10     | Noticed a purple ugly thing
  7036 | D:9      | Noticed a red ugly thing
  7157 | D:9      | Noticed a two-headed ogre
  7167 | D:9      | Reached skill level 11 in Spellcasting
  7173 | D:9      | Killed a two-headed ogre
  7174 | D:9      | Reached XP level 10. HP: 55/69 MP: 1/29
  7552 | D:9      | Noticed a broodmother
  8028 | D:5      | Noticed a balrug
  8028 | D:5      | Noticed an angel
  8563 | D:13     | Noticed a centaur warrior
  8563 | D:13     | Noticed a two-headed ogre
  8730 | D:12     | Noticed a manticore
  8879 | D:11     | Reached skill level 12 in Spellcasting
  8974 | D:10     | Noticed a cyan ugly thing
  9253 | D:10     | Learned a level 3 spell: Ozocubu's Armour
  9259 | D:10     | Learned a level 5 spell: Iskenderun's Battlesphere
  9265 | D:10     | Learned a level 5 spell: Irradiate
  9271 | D:10     | Learned a level 5 spell: Summon Forest
  9277 | D:10     | Learned a level 5 spell: Fireball
  9465 | D:10     | Noticed a two-headed ogre
  9533 | D:10     | Noticed a two-headed ogre
  9534 | D:10     | Killed a two-headed ogre
  9535 | D:10     | Reached skill level 1 in Fighting
  9535 | D:10     | Reached skill level 1 in Summonings
  9535 | D:10     | Reached skill level 1 in Ice Magic
 10072 | D:10     | Noticed a white ugly thing
 10081 | D:10     | Killed a white ugly thing
 10086 | D:10     | Noticed a boulder beetle
 10378 | D:10     | Reached skill level 5 in Conjurations
 10388 | D:10     | Reached XP level 11. HP: 21/79 MP: 0/32
 11157 | D:12     | Noticed a boulder beetle
 11518 | D:12     | HP: 3/80 [white ugly thing (3)]
 11518 | D:12     | Annihilated by a white ugly thing

Illustrated notes

Levels and vault maps discovered:
D:1:      shiori_arrival_oz, layout_loops_cross, shapermc_ecumenical_altar_venn,
          serial_park_tiny_pond, solitary_fountain, nrook_campfire, st_stairs_3,
          minmay_tromino_mix6
D:2:      minmay_angry_zag, layout_loops_ring
D:3:      layout_loops_ring, serial_shops, shop
D:4:      layout_cave_pools, dancing_weapons_uskayaw,
          nicolae_ossuary_entry_catacombs
D:5:      layout_cave_pools, grunt_temple_overflow_order_and_chaos_2,
          mainiacjoe_overflow_brackets, gammafunk_temple_overflow_statue
D:6:      layout_rooms, okawaru_altar_gauntlet_db
D:7:      layout_cave_pools, old_standard_altar,
          mainiacjoe_overflow_tiny_flanked, minmay_temple_entry_tees
D:8:      layout_rooms, erik_lair_island, gammafunk_ghost_cemetery,
          minmay_misc_feat_hallway
D:9:      gammafunk_the_bubble [the_bubble_gammafunk_grid],
          layout_irregular_city
D:10:     minmay_quarter_circles, layout_basic, david_orc_2
D:11:     layout_gridville, minmay_misc_feat_nine_boxes
D:12:     layout_rooms
D:13:     layout_basic, erik_vaults_2, minivault_14, hex_medium

Skill      XL: |  1  2  3  4  5  6  7  8  9 10 11 |
---------------+----------------------------------+-----
Spellcasting   | 2 3 4 5 8 11 12 | 12.3
Conjurations   | 1 2 3 4 5 |  5.5
Earth Magic    | 3 4 5 6 |  6.0
Fighting       | 1 2 |  2.3
Dodging        | 2 3 |  3.1
Summonings     | 2 3 |  3.2
Ice Magic      | 2 3 |  3.0
Stealth        | |  1.7
Transmutations | |  0.8

Action                   |  1- 3 |  4- 6 |  7- 9 | 10-12 || total
-------------------------+-------+-------+-------+-------++-------
Melee: Unarmed           |     5 |       |       |       ||     5
       Punch             |     1 |       |       |       ||     1
       Whip              |       |       |     4 |    11 ||    15
 Cast: Sandblast         |    61 |    48 |    63 |    46 ||   218
       Stone Arrow       |       |    10 |    89 |    87 ||   186
       Passwall          |       |       |       |     4 ||     4
       Iskenderun's Batt |       |       |       |     4 ||     4
       Ozocubu's Armour  |       |       |       |     3 ||     3
       Fireball          |       |       |       |     2 ||     2
Evoke: Wand              |       |       |     2 |     7 ||     9
  Use: Scroll            |       |       |    10 |     4 ||    14
       Potion            |       |       |       |     6 ||     6
 Stab: Sleeping          |       |       |     1 |       ||     1
Armor: Robe              |     7 |     4 |     5 |       ||    16
       Ring mail         |       |       |    24 |    19 ||    43
Dodge: Dodged            |    15 |    22 |    53 |    66 ||   156
Block: Other             |     2 |    10 |    23 |    12 ||    47
       Reflection        |       |       |     4 |       ||     4
